 Dungeon Crawl Stone Soup version 0.31-a0-983-g7b6862f502 (webtiles) character file.

Game seed: 11053386481252566360

252 FakeRyeBread the Trooper (level 6, -11/39 HPs)
             Began as a Gargoyle Fighter on Nov 2, 2023.
             Killed by divine providence
             ... invoked by an orc priest
              (17 damage)
             ... on level 4 of the Dungeon.
             The game lasted 00:08:12 (2267 turns).

FakeRyeBread the Trooper (Gargoyle Fighter)         Turns: 2267, Time: 00:08:13

Health: -11/39     AC: 16    Str: 21    XL:     6   Next: 13%
Magic:  6/6        EV:  8    Int:  9    God:
Gold:   232        SH:  4    Dex:  9    Spells: 5/5 levels left

rFire   . . .        a - +0 flail
rCold   . . .        c - +0 buckler
rNeg    + . .        h - +0 chain mail
rPois   ∞            (no helmet)
rElec   +            j - +0 cloak
rCorr   .            f - +0 pair of gloves
SInv    .            (no boots)
Will    .....        (no amulet) Stlth
                     (no ring)
HPRegen 0.26/turn    (no ring)
MPRegen 0.10/turn

%: no passive effects
@: no status effects
A: sickness immunity, AC +4, negative energy resistance 1, electricity
resistance, torment resistance 1, petrification resistance
a: no special abilities


You were on level 4 of the Dungeon.
You visited 1 branch of the dungeon, and saw 4 of its levels.

You collected 232 gold pieces.

Inventory:

Hand Weapons
 a - a +0 flail (weapon)
Missiles
 k - 3 boomerangs
Armour
 c - a +0 buckler (worn)
 f - a +0 pair of gloves (worn)
 h - a +0 chain mail (worn)
 j - a +0 cloak (worn)
Scrolls
 b - a scroll of blinking
Potions
 d - a potion of might
 g - a potion of brilliance
 i - 3 potions of curing
 l - a potion of magic {unknown}
 m - a potion of enlightenment {unknown}
 n - a potion of mutation {unknown}


   Skills:
 + Level 4.3 Fighting
 * Level 4.2 Maces & Flails
 + Level 4.3 Armour
 + Level 4.3 Shields


You had 5 spell levels left.
You didn't know any spells.
Your spell library contained the following spells:

 Spells                   Type           Power      Damage    Failure   Level
 Freeze                   Ice            0%         1d3       98%         1
 Frozen Ramparts          Ice            0%         1d1       100%        3
 Hailstorm                Conj/Ice       0%         3d3       100%        3


Dungeon Overview and Level Annotations

Branches:
Dungeon (4/15)
 Temple: D:4-7

Altars:
Dithmenos

Shops:
D:1 *   D:3 *


Innate Abilities, Weirdness & Mutations

You are immune to sickness and miasma.
Your stone body is resilient. (AC +4)
You are immune to poison.
You resist negative energy. (rN+)
You are resistant to electric shocks. (rElec)
You are resistant to unholy torment.
You are immune to petrification.


Message History

You closely miss something.
The orc priest mumbles some strange prayers to Beogh against you.
Beogh smites you!
* * * LOW HITPOINT WARNING * * *
Something hits you but does no damage. The orc hits you with a +0 hand axe.
* * * LOW HITPOINT WARNING * * *
You feel better. The orc hits you but does no damage.
You hear some strange, mumbled words.
Something tries to affect you, but you resist.
There are monsters nearby!
There are monsters nearby!
There are monsters nearby!
There are monsters nearby!
The orc priest casts a cantrip, but nothing happens.
You hear some strange, mumbled words.
Something tries to affect you, but you resist.
A magic dart appears from out of thin air!
The magic dart hits you but does no damage.
You feel better.
You sock something!
The orc priest looks satisfied for a moment.
Something hits you but does no damage.
You barely miss something.
You hear some strange, mumbled words.
Something tries to affect you, but you resist.
You miss something.
The orc priest invokes the aid of Beogh against you.
Beogh smites you!
* * * LOW HITPOINT WARNING * * *
You block something's attack. Something hits you but does no damage.
You closely miss something. You block something's attack.
You closely miss something.
You hear some strange, mumbled words.
A magic dart appears from out of thin air!
The magic dart hits you.
* * * LOW HITPOINT WARNING * * *
You hit something. Something completely misses you.
The orc priest calls down the wrath of Beogh upon you.
Beogh smites you!
You die...

###.# #...# #.#.#
#.#.# #.#.# #.#.#
##################o#.#
................@{oor#
############.#######†#
.............# <#
.###########.#######o#
.# #...)......... .#
#.##.#####.#!# ##
#.##.# .# #....# .#
######


You could see an orc priest, 2 orcs and a quokka.

Vanquished Creatures
  A howler monkey (D:4)
  An orc wizard (D:3)
  4 gnolls
  6 adders
  A worm (D:2)
  2 dart slugs (D:1)
  11 orcs (D:3)
  5 ball pythons
  5 endoplasms (D:1)
  5 giant cockroaches
  8 goblins
  6 hobgoblins
  9 jackals
  4 kobolds
  A quokka (D:2)
  4 bats
  4 frilled lizards
  4 rats
81 creatures vanquished.

Notes
Turn   | Place    | Note
-------+----------+-------------------------------------------
     0 | D:1      | FakeRyeBread the Gargoyle Fighter began the quest for the
                  | Orb.
     0 | D:1      | Reached XP level 1. HP: 14/14 MP: 1/1
    62 | D:1      | Reached XP level 2. HP: 12/19 MP: 2/2
   207 | D:1      | Reached XP level 3. HP: 20/23 MP: 3/3
   534 | D:1      | Found Keav's Assorted Antiques.
   785 | D:2      | Reached XP level 4. HP: 28/29 MP: 4/4
  1551 | D:3      | Reached XP level 5. HP: 25/33 MP: 5/5
  1585 | D:3      | Found a faded altar of an unknown god.
  1700 | D:3      | Found a shadowy altar of Dithmenos.
  1771 | D:3      | Found Caroud's General Store.
  2243 | D:4      | Reached XP level 6. HP: 36/39 MP: 6/6
  2267 | D:4      | Killed from afar by an orc priest

Illustrated notes

Levels and vault maps discovered:
D:1:      psy_arrival_terrarium, layout_rooms, serial_shops, shop
D:2:      layout_loops_cross, roderic_lattice_a, corexii_leaking_fountain
D:3:      layout_rooms, lemuel_tele_altar, serial_shops, shop,
          chequers_ecumenical_altar_simple_redux
D:4:      layout_basic, mainiacjoe_overflow_catch_the_wave, uniq_robin

Skill      XL: |  1  2  3  4  5 |
---------------+----------------+-----
Maces & Flails | 3 4 |  4.2
Fighting       | 4 |  4.3
Armour         | 4 |  4.3
Shields        | 4 |  4.3

Action                     |  1- 3 |  4- 6 || total
---------------------------+-------+-------++-------
  Melee: Flail             |   126 |   181 ||   307
    Use: Scroll            |     4 |     5 ||     9
         Potion            |       |     2 ||     2
 Armour: Scale mail        |    89 |    60 ||   149
         Chain mail        |       |    98 ||    98
  Dodge: Dodged            |    50 |    78 ||   128
  Block: Buckler           |    41 |    47 ||    88

Table legend: (Time is in decaauts)
 A = Elapsed time spent in this place.
 B = Non-inter-level travel time spent in this place.
 C = Inter-level travel time spent in this place.
 D = Time resting spent in this place.
 E = Time spent auto-exploring this place.
 F = Levels seen in this place.
 G = Mean time per level.
                   A        B        C        D        E       F      G
               +--------+--------+--------+--------+--------+-----+--------+
         Total |   2348 |   2002 |    346 |    152 |   1089 |   4 |  587.0 |
       Dungeon |   2348 |   2002 |    346 |    152 |   1089 |   4 |  587.0 |
               +--------+--------+--------+--------+--------+-----+--------+

Top non-repeatable levels by time:
     D:2: 899 daAuts
     D:3: 733 daAuts
     D:1: 616 daAuts
     D:4: 99 daAuts
